 Dungeon Crawl Stone Soup version 0.30.0-30-g96aa6591b8 (webtiles) character file.

Game seed: 18006203025608183143

16032 nogood the Thaumaturge (level 12, -5/74 HPs)
             Began as a Demonspawn Fire Elementalist on June 28, 2023.
             Was an Initiate of Gozag.
             Slain by an ice devil (12 damage)
             ... in an ice cave.
             The game lasted 01:24:14 (16017 turns).

nogood the Thaumaturge (DsFE)                      Turns: 16017, Time: 01:24:14

Health: -5/74      AC:  8    Str: 12    XL:     12   Next: 6%
Magic:  9/25       EV: 20    Int: 22    God:    Gozag
Gold:   1404       SH:  0    Dex: 13    Spells: 16/29 levels left

rFire   + . .        N - +2 trident (protect)
rCold   . . .        (no shield)
rNeg    . . .        J - +2 robe {rF+}
rPois   .            K - +0 helmet
rElec   .            o - +0 cloak
rCorr   .            H - +0 pair of gloves {Str+3}
SInv    .            e - +0 pair of boots
Will    .....        L - amulet of regeneration
Stlth   ++           B - +5 ring of evasion
HPRegen 1.12/turn    (no ring)
MPRegen 0.19/turn

%: no passive effects
@: gold aura
A: repulsion field 2, powered by pain 2, demonic touch 1
a: Renounce Religion, Potion Petition, Call Merchant, Bribe Branch


You were in an ice cave.
You worshipped Gozag.
Gozag was most pleased with you.
You visited 3 branches of the dungeon, and saw 13 of its levels.
You also visited: Ossuary and Ice Cave.

You collected 2001 gold pieces.
You spent 408 gold pieces at shops.
You paid 189 gold pieces to Gozag.

Inventory:

Hand Weapons
 h - a +2 dagger of venom
 N - a +2 trident of protection (weapon)
Missiles
 s - 6 boomerangs (quivered)
Armour
 e - a +0 pair of boots (worn)
 o - a +0 cloak (worn)
 H - a +0 pair of gloves of strength (worn)
 J - a +2 robe of fire resistance (worn)
 K - a +0 helmet (worn)
 O - a +2 buckler
Jewellery
 B - a +5 ring of evasion (left hand)
 L - an amulet of regeneration (around neck)
Wands
 j - a wand of iceblast (4)
 m - a wand of polymorph (15)
 I - a wand of acid (3)
 M - a wand of charming (6)
Scrolls
 f - 4 scrolls of blinking
 i - 5 scrolls of immolation
 l - a scroll of fear
 n - 12 scrolls of teleportation {unknown}
 p - a scroll of acquirement {unknown}
 t - 4 scrolls of torment
 v - 5 scrolls of poison {unknown}
 w - a scroll of noise {unknown}
 z - 5 scrolls of vulnerability {unknown}
 E - a scroll of fog {unknown}
Potions
 a - a potion of invisibility {unknown}
 b - a potion of magic
 c - 2 potions of cancellation {unknown}
 d - 4 potions of curing {unknown}
 g - 2 potions of brilliance {unknown}
 q - 5 potions of degeneration {unknown}
 r - 3 potions of lignification
 u - 3 potions of might {unknown}
 x - 3 potions of heal wounds
 A - 2 potions of berserk rage {unknown}
 C - 3 potions of attraction {unknown}
 F - 3 potions of mutation
 G - 4 potions of flight


   Skills:
 + Level 6.2 Polearms
 - Level 1.7 Dodging
 - Level 1.7 Stealth
 + Level 1.0 Shields
 * Level 9.4 Spellcasting
 + Level 7.2 Conjurations
 + Level 6.8 Hexes
 + Level 7.2 Fire Magic
 + Level 6.2 Ice Magic
 * Level 6.0 Air Magic


You had 16 spell levels left.
You knew the following spells:

 Your Spells              Type           Power      Damage    Failure   Level
a - Foxfire               Conj/Fire      100%       2x1d9     1%          1
b - Ensorcelled Hibernat  Hex/Ice        78%        N/A       1%          2
c - Scorch                Fire           84%        2d9       1%          2
d - Swiftness             Air            37%        N/A       1%          3
f - Freezing Cloud        Conj/Ice/Air   19%        6-21      12%         5

Your spell library contained the following spells:

 Spells                   Type           Power      Damage    Failure   Level
 Inner Flame              Hex/Fire       41%        N/A       1%          3
 Poisonous Vapours        Pois/Air       46%        N/A       2%          2
 Flame Wave               Conj/Fire      42%        2d11      3%          4
 Volatile Blastmotes      Fire/Tloc      52%        2d14      4%          3
 Sting                    Tmut/Pois      40%        1d5       6%          1
 Lesser Beckoning         Tloc           20%        N/A       10%         2
 Passwall                 Tmut/Erth      8%         N/A       10%         2
 Sublimation of Blood     Necr           10%        N/A       10%         2
 Wereblood                Tmut           10%        N/A       10%         2
 Silence                  Hex/Air        19%        N/A       13%         5
 Gell's Gravitas          Tloc           10%        N/A       19%         3
 Teleport Other           Tloc           10%        N/A       19%         3
 Yara's Violent Unravell  Hex/Tmut       12%        3d7       41%         5
 Olgreb's Toxic Radiance  Pois           10%        N/A       54%         4
 Passage of Golubria      Tloc           10%        N/A       54%         4
 Alistair's Intoxication  Tmut/Pois      6%         N/A       87%         5
 Borgnjor's Vile Clutch   Necr/Erth      5%         N/A       87%         5
 Enfeeble                 Hex            20%        N/A       97%         7
 Eringya's Noxious Bog    Tmut/Pois      5%         N/A       100%        6
 Summon Hydra             Summ           5%         N/A       100%        7
 Lehudib's Crystal Spear  Conj/Erth      13%        10d4      100%        8


Dungeon Overview and Level Annotations

Branches:
Dungeon (11/15)            Temple (1/1) D:7            Lair (1/5) D:10
    Orc (0/2) D:11        Ossuary (visited)           IceCv (1/1)

Altars:
Ashenzari
Fedhas
Gozag
Hepliaklqana
Nemelex Xobeh
Okawaru
Sif Muna
Trog
Wu Jian
Yredelemnul

Shops:
D:6 [[   D:8 [*   D:9 =

Annotations:
D:5 Edmund
D:8 3 runed translucent doors


Innate Abilities, Weirdness & Mutations

You are surrounded by a moderate repulsion field. (EV +3)
You sometimes gain power by taking damage.
Your touch may inflict minor irresistible damage on your foes.


Message History

The ice devil barely misses you.
Casting: Scorch (safe; 1% risk of failure)
Confirm with . or Enter, or press ? or * to list all spells.
Flames lash the ice devil.
The ice devil is burned terribly!
The ice devil is severely wounded.
The ice devil hits you! The ice devil freezes you!!
* * * LOW HITPOINT WARNING * * *
You focus on the pain.
You feel your power returning.
Casting: Scorch (safe; 1% risk of failure)
Confirm with . or Enter, or press ? or * to list all spells.
Flames lash the ice devil but do no damage.
The ice devil closely misses you.
Casting: Scorch (safe; 1% risk of failure)
Confirm with . or Enter, or press ? or * to list all spells.
Flames lash the cane toad simulacrum.
The cane toad simulacrum melts!
The cane toad simulacrum is severely damaged.
The cane toad simulacrum's fire resistance burns away.
The ice devil hits you but does no damage.
The white imp completely misses you.
Casting: Scorch (safe; 1% risk of failure)
Confirm with . or Enter, or press ? or * to list all spells.
Flames lash the ice devil.
The ice devil is burned terribly!
The ice devil is almost dead.
An elephant simulacrum comes into view.
The white imp gestures at you. The puff of frost hits you.
* * * LOW HITPOINT WARNING * * *
The ice devil closely misses you.
Casting: Scorch (safe; 1% risk of failure)
Confirm with . or Enter, or press ? or * to list all spells.
Flames lash the cane toad simulacrum.
The cane toad simulacrum melts!
The cane toad simulacrum vaporises!
The white imp gestures at you. The puff of frost hits you.
* * * LOW HITPOINT WARNING * * *
The ice devil hits you.
* * * LOW HITPOINT WARNING * * *
The ice devil freezes you!
You die...
Your body crumbles into a pile of gold.

. #### ..
######..## ...#
##..##....## .Z...
##.$.5......#
......#Z$$.4@.∩.∩.#
#....##○......#
##..#####....##
#### ##..## ####


You could see an ice devil (combustible), a white imp and an elephant
simulacrum.

Vanquished Creatures
  Erica (Lair:1)
  3 two-headed ogres
  Pikel (D:8)
  3 manticores (D:11)
  Grinder (D:4)
  3 trolls
  A hornet (D:8)
  Sigmund (D:6)
  2 shadows
  2 wyverns
  42 yaks
  Menkaure (D:4)
  An acid dragon (D:11)
  5 water moccasins
  3 orc warriors
  3 ogres
  2 sky beasts (D:8)
  2 ice beasts
  A centaur (D:7)
  4 wolves (D:8)
  3 kobold brigands
  Blork the orc (D:6)
  2 elf zombies (Ossuary)
  5 scorpions
  2 gnoll sergeants
  3 bullfrogs
  2 cane toad simulacra (IceCv)
  5 killer bees (D:8)
  4 hounds
  A human zombie (Ossuary)
  A gnoll bouda (D:9)
  3 orc priests
  Crazy Yiuf (D:7)
  2 sleepcaps
  7 orc wizards
  4 iguanas
  2 spriggan simulacra (IceCv)
  2 hound zombies (Ossuary)
  4 mummies (Ossuary)
  12 gnolls
  7 adders
  A shadow imp (D:6)
  2 ufetubi
  An adder zombie (Ossuary)
  2 worms
  3 dart slugs
  27 orcs
  10 endoplasms
  6 giant cockroaches
  4 goblins
  6 hobgoblins
  8 jackals
  3 quokkas
  3 ball pythons
  7 bats
  5 frilled lizards
  2 goblin zombies (Ossuary)
  2 hobgoblin zombies (Ossuary)
  28 kobolds
  5 rats
  2 rat zombies (Ossuary)
282 creatures vanquished.

Vanquished Creatures (others)
  313 foxfires
313 creatures vanquished.

Grand Total: 595 creatures vanquished

Notes
Turn   | Place    | Note
-------+----------+-------------------------------------------
     0 | D:1      | nogood the Demonspawn Fire Elementalist began the quest for
                  | the Orb.
     0 | D:1      | Reached XP level 1. HP: 13/13 MP: 3/3
   223 | D:1      | Gained mutation: You sometimes gain a little power by
                  | taking damage. [demonic ancestry]
   223 | D:1      | Reached XP level 2. HP: 13/19 MP: 0/5
   999 | D:1      | Gained mutation: You sometimes gain power by taking damage.
                  | [demonic ancestry]
   999 | D:1      | Reached XP level 3. HP: 24/24 MP: 3/6
  1869 | D:2      | Got the Precepts of Combat Magic
  2040 | D:2      | Learned a level 2 spell: Ensorcelled Hibernation
  2060 | D:3      | Found a hazy altar of Hepliaklqana.
  2087 | D:3      | Found a blossoming altar of Fedhas.
  2216 | D:3      | Reached XP level 4. HP: 16/30 MP: 3/8
  2700 | D:3      | Reached skill level 3 in Spellcasting
  2803 | D:3      | Reached skill level 1 in Polearms
  2947 | D:3      | Found a sparkling altar of Nemelex Xobeh.
  3283 | D:4      | Noticed Grinder
  3367 | D:4      | HP: 1/30 [iguana (10)]
  3426 | D:3      | Learned a level 2 spell: Scorch
  3427 | D:4      | Noticed a scorpion
  3439 | D:4      | Killed a scorpion
  3440 | D:4      | Reached skill level 1 in Hexes
  3440 | D:4      | Reached XP level 5. HP: 8/35 MP: 0/10
  3446 | D:3      | HP: 1/35 [poisoned by a scorpion]
  3638 | D:4      | Paralysed by Grinder for 5 turns
  3647 | D:4      | Paralysed by Grinder for 3 turns
  3652 | D:4      | Killed Grinder
  3653 | D:4      | Reached skill level 1 in Ice Magic
  3653 | D:4      | Gained mutation: Your touch may inflict minor irresistible
                  | damage on your foes. [demonic ancestry]
  3653 | D:4      | Reached XP level 6. HP: 9/41 MP: 7/11
  3821 | D:4      | Noticed Menkaure
  3854 | D:4      | Killed Menkaure
  3855 | D:4      | Reached skill level 4 in Spellcasting
  3855 | D:4      | Gained mutation: You are surrounded by a mild repulsion
                  | field. (EV +2) [demonic ancestry]
  3855 | D:4      | Reached XP level 7. HP: 45/46 MP: 0/13
  4125 | D:4      | Found a shimmering blue altar of Sif Muna.
  4468 | D:5      | Entered Level 5 of the Dungeon
  4506 | D:5      | Found a sand-covered staircase.
  4543 | Ossuary  | Entered an ossuary
  5212 | D:5      | Found a broken altar of Ashenzari.
  5471 | D:5      | Reached XP level 8. HP: 52/52 MP: 10/15
  5554 | D:5      | Reached skill level 5 in Spellcasting
  5748 | D:6      | Noticed Edmund
  6142 | D:5      | HP: 2/52 [orc warrior/+0 flail (9)]
  6484 | D:6      | Found Plog's Antique Armour Emporium.
  6578 | D:6      | Noticed Blork the orc
  6598 | D:6      | Killed Blork the orc
  6740 | D:6      | Found Buj Vez's Armour Emporium.
  7014 | D:6      | Noticed Sigmund
  7022 | D:6      | Killed Sigmund
  7063 | D:6      | Reached skill level 5 in Fire Magic
  7089 | D:6      | Reached skill level 6 in Spellcasting
  7335 | D:6      | Reached XP level 9. HP: 57/57 MP: 13/18
  7984 | D:7      | Found a runed translucent door.
  7985 | D:7      | Noticed Crazy Yiuf
  7990 | D:7      | Killed Crazy Yiuf
  8252 | D:7      | You fall into a shaft and drop 2 floors!
  8278 | D:8      | Found a bloodstained altar of Trog.
  8657 | D:7      | Reached skill level 5 in Conjurations
  8866 | D:7      | Found a staircase to the Ecumenical Temple.
  8872 | Temple   | Entered the Ecumenical Temple
  8895 | Temple   | Became a worshipper of Gozag Ym Sagoz the Greedy
  9225 | D:8      | Noticed Pikel
  9240 | D:8      | Found Ytuvuitz's Overcharged Wands.
  9247 | D:8      | Killed Pikel
  9248 | D:8      | Reached skill level 7 in Spellcasting
  9438 | D:6      | Bought a +2 robe of fire resistance for 247 gold pieces
  9549 | D:8      | Found Ruixat's Antique Armour Boutique.
  9606 | D:7      | Learned a level 3 spell: Swiftness
  9612 | D:7      | Learned a level 5 spell: Freezing Cloud
  9854 | D:8      | Reached skill level 1 in Air Magic
 10012 | D:8      | Found a runed translucent gate.
 10013 | D:8      | Found a runed translucent gate.
 10015 | D:8      | Found a runed translucent gate.
 10016 | D:8      | Noticed a purple ugly thing
 10017 | D:8      | Noticed a cyan ugly thing
 10017 | D:8      | Noticed a white ugly thing
 10251 | D:8      | Reached XP level 10. HP: 57/63 MP: 0/20
 10373 | D:8      | Noticed Grum
 10376 | D:8      | Reached skill level 5 in Hexes
 10394 | D:8      | Grum changed into Grum the hornet
 10394 | D:8      | Noticed Grum
 10402 | D:8      | Killed Grum the hornet
 11153 | D:6      | Bought a +0 pair of gloves of strength for 161 gold pieces
 11401 | D:8      | Reached skill level 5 in Polearms
 11640 | D:9      | Reached skill level 5 in Ice Magic
 11660 | D:9      | Reached skill level 8 in Spellcasting
 13285 | D:9      | Found Nounuh's One-of-a-Kind Rings.
 13401 | D:10     | Entered Level 10 of the Dungeon
 13564 | D:10     | Found a staircase to the Lair.
 13672 | D:10     | Reached XP level 11. HP: 6/68 MP: 11/23
 13672 | D:10     | HP: 2/68 [troll (5)]
 13924 | D:10     | Noticed a two-headed ogre
 14300 | D:10     | Killed a two-headed ogre
 14533 | D:10     | Found a basalt altar of Yredelemnul.
 14832 | D:11     | Noticed a two-headed ogre
 14836 | D:11     | Killed a two-headed ogre
 15099 | D:11     | Reached skill level 5 in Air Magic
 15151 | D:11     | Found a staircase to the Orcish Mines.
 15242 | D:11     | Reached skill level 9 in Spellcasting
 15270 | D:11     | Noticed a two-headed ogre
 15277 | D:11     | Killed a two-headed ogre
 15759 | Lair:1   | Entered Level 1 of the Lair of Beasts
 15860 | Lair:1   | Noticed Erica
 15867 | Lair:1   | Killed Erica
 15880 | Lair:1   | Gained mutation: You are surrounded by a moderate repulsion
                  | field. (EV +3) [demonic ancestry]
 15880 | Lair:1   | Reached XP level 12. HP: 67/74 MP: 17/25
 15893 | Lair:1   | Found a frozen archway.
 15911 | Lair:1   | Reached skill level 1 in Shields
 15973 | IceCv    | Entered an ice cave
 16017 | IceCv    | Slain by an ice devil

Illustrated notes

Levels and vault maps discovered:
D:1:      spicycebolla_arrival_ecumenical, layout_basic, st_stairs_2,
          minmay_close_crescents
D:2:      layout_rooms
D:3:      layout_loops_ring, mainiacjoe_overflow_24_doors,
          mainiacjoe_overflow_catwalk, lemuel_tele_altar,
          worldfamousw_hep_ancestral_shrine, roderic_lattice_a
D:4:      layout_cave_pools, kennysheep_little_box, kennysheep_generic_room_3,
          uniq_menkaure, uniq_grinder
D:5:      layout_loops_ring, mainiacjoe_overflow_paths,
          chequers_ossuary_entry_cave
D:6:      layout_loops_ring, serial_shops, nicolae_shop_tiny_glass, shop,
          minmay_misc_feat_four_crosses, uniq_sigmund, uniq_edmund,
          uniq_blork_the_orc
D:7:      layout_loops_corners, minmay_temple_entry_trees,
          uniq_crazy_yiuf_cottage
D:8:      layout_basic, mainiacjoe_overflow_cross_hatched,
          ploomutoo_gammafunk_ghost_potion_laboratory, serial_shops,
          nicolae_shop_advertising_works [nicolae_subvault_shop_adworks],
          nicolae_shop_overcharged_wands, uniq_pikel, uniq_grum
D:9:      layout_basic, nicolae_shop_unique_rings
D:10:     layout_gridville, mainiacjoe_overflow_chevrons,
          nicolae_elyvilon_peaceful_grove, lair_entry_dummy, serial_glass,
          glass_columns_c, glass_columns_c
D:11:     layout_basic, orc_0_dummy, grunt_ministairs_15
Temple:   oiseaux_autumnal_temple
Lair:1:   layout_layer_cave, portal_ice_cave_entry_pillars_2, basic_altar,
          serial_rivers, chequers_serial_rivers_room_b,
          chequers_serial_rivers_micro_c, chequers_serial_rivers_large_b,
          chequers_serial_rivers_micro_e, chequers_serial_rivers_marsh,
          chequers_serial_rivers_micro_a, chequers_serial_rivers_micro_a,
          hellmonk_guarded_unrand_seven_league_boots, grunt_megastairs_5,
          uniq_erica
IceCv:    ice_cave_small_demon

Skill      XL: |  1  2  3  4  5  6  7  8  9 10 11 12 |
---------------+-------------------------------------+-----
Fire Magic     | 3 4 5 6 7 |  7.2
Conjurations   | 2 3 4 5 6 7 |  7.2
Spellcasting   | 3 4 6 7 8 9 |  9.4
Polearms       | 1 2 3 4 5 6 |  6.2
Hexes          | 1 2 3 4 5 6 |  6.8
Ice Magic      | 1 2 3 4 5 6 |  6.2
Air Magic      | 1 4 5 6 |  6.0
Shields        | 1 |  1.0
Dodging        | |  1.7
Stealth        | |  1.7

Action                     |  1- 3 |  4- 6 |  7- 9 | 10-12 || total
---------------------------+-------+-------+-------+-------++-------
  Melee: Unarmed           |    15 |       |       |     6 ||    21
         Short sword       |    10 |       |       |       ||    10
         Spear             |    25 |    46 |   132 |    78 ||   281
         Punch             |       |     1 |     3 |     2 ||     6
         Touch             |       |       |    24 |    41 ||    65
         Trident           |       |       |       |   124 ||   124
  Throw: Boomerang         |       |     6 |       |       ||     6
   Cast: Foxfire           |    60 |    53 |    14 |    53 ||   180
         Scorch            |       |     8 |   187 |   131 ||   326
         Ensorcelled Hiber |       |     1 |     1 |     1 ||     3
         Swiftness         |       |       |     2 |     3 ||     5
         Freezing Cloud    |       |       |       |    20 ||    20
  Evoke: Wand              |       |       |       |     6 ||     6
    Use: Scroll            |       |     3 |     9 |       ||    12
         Potion            |       |     1 |     3 |     1 ||     5
   Stab: Sleeping          |     1 |     1 |     1 |       ||     3
 Armour: Robe              |    23 |    25 |    43 |    61 ||   152
         Skin              |       |       |    28 |    16 ||    44
  Dodge: Dodged            |    39 |    51 |   184 |   257 ||   531
